 Dungeon Crawl Stone Soup version bcrawl-1.27.3 (webtiles) character file.

Game seed: 13952326461276636621

411624 MisterOstroum the Ruffian (level 6, -3/38 HPs)
             Began as a Vine Stalker Martial Artist on Sept 24, 2020.
             Was a Believer of Wu Jian.
             Slain by a scorpion (9 damage)
             ... on level 7 of the Dungeon.
             The game lasted 00:06:35 (910 turns).

MisterOstroum the Ruffian (VSMA)                     Turns: 910, Time: 00:06:36

Health: -3/38      AC:  2    Str: 17    XL:     6   Next: 77%
Magic:  8/8        EV: 13    Int:  9    God:    Wu Jian [**....]
Gold:   179        SH:  0    Dex: 16    Spells: 6/7 levels left

rFire    . . .     SeeInvis .     - Fists (10.6)
rCold    . . .     Gourm    .   (no shield)
rNeg     . . .     Faith    .   a - +0 robe
rPois    .         Spirit   .   (no helmet)
rElec    .         Reflect  .   (no cloak)
rCorr    .         Harm     .   (no gloves)
MR       .....                  (no boots)
Stlth    ++........             (no amulet)
HPRegen  0.52/turn              (no ring)
MPRegen  0.11/turn              (no ring)

@: lethally poisoned (-3 -> -4), drained
A: fangs 3, regeneration 1, no potion heal 3, rot immunity, strong jaws
a: Wall Jump, Serpent's Lash, Renounce Religion


You were on level 7 of the Dungeon.
You worshipped Wu Jian.
Wu Jian was pleased with you.
You were not hungry.

You visited 1 branch of the dungeon, and saw 7 of its levels.

You collected 179 gold pieces.

Inventory:

Hand Weapons
 o - a +0 hand crossbow
Missiles
 i - 133 stones (quivered)
 l - 121 arrows
Armour
 a - a +0 robe (worn)
 j - a +0 ring mail
Wands
 d - a wand of flame (13)
Scrolls
 g - a scroll of blinking {unknown}
 k - a scroll of teleportation {unknown}
 m - a scroll of fog {unknown}
 n - a scroll of remove curse {unknown}
Potions
 b - a potion of agility {@q5 !q}
 f - a potion of curing {unknown}
 h - a potion of brilliance {unknown}
Comestibles
 e - 4 rations {!d}


   Skills:
 + Level 4.2(3.2) Fighting
 - Level 3.0(2.0) Dodging
 - Level 4.0(3.0) Stealth
 * Level 6.4(5.4) Unarmed Combat
 - Level 1.1(0.2) Spellcasting
 - Level 1.0(0.1) Hexes


You had 6 spell levels left.
You knew the following spells:

 Your Spells              Type           Power        Failure   Level  Hunger
a - Confusing Touch       Hex            #.......     36%         1    None

Your spell library contained the following spells:

 Spells                   Type           Power        Failure   Level  Hunger
 Flame Tongue             Conj/Fire      #....        38%         1    None
 Flaming Arrows           Chrm/Fire      #.......     52%         2    ####...
 Inner Flame              Hex/Fire       N/A          75%         3    #####..
 Conjure Flame            Conj/Fire      #.......     77%         3    #####..
 Sticky Flame             Conj/Fire      #.......     99%         4    ######.
 Fireball                 Conj/Fire      #.........   100%        5    #######


Dungeon Overview and Level Annotations

Branches:
Dungeon (7/12)             Temple (0/1) D:5
   Lair: D:7-9

Altars:

Annotations:
D:6 Eustachio


Innate Abilities, Weirdness & Mutations

You have razor-sharp teeth.
Your natural rate of healing is unusually fast.
Potions cannot restore your health.
You are immune to rotting.
Your bites deal extra damage.


Message History

f - a glowing grey potion
n - a scroll labeled YTOASI PUIDAI A scorpion comes into view.
You spin and attack the scorpion.
You hit the scorpion. You bite the scorpion.
The scorpion is moderately wounded.
The scorpion stings you but does no damage.
You spin and attack the scorpion.
You hit the scorpion but do no damage.
The scorpion is moderately wounded.
The scorpion stings you.
You are poisoned.
The scorpion poisons you!
You spin and attack the scorpion.
You barely miss the scorpion.
The scorpion is moderately wounded.
You feel sick. The scorpion stings you!
You are more poisoned.
The scorpion poisons you!
You hit the scorpion. Your bite misses the scorpion.
The scorpion is heavily wounded.
You feel sick. The scorpion barely misses you.
You punch the scorpion!
The scorpion is almost dead.
You feel sick. The scorpion stings you!
You feel sick.
You feel sick.
You feel sick.
You feel sick.
You feel sick.
You feel sick.
You feel sick.
You feel sick.
You feel sick.
Aiming: Wall Jump
Press: ? - help, Dir - move target cursor You repeatedly attack the scorpion from above.
You punch the scorpion!
You kill the scorpion!
The Council accepts your kill.
You feel sick.
You feel sick.
You feel sick.
You feel sick.
You now have 179 gold pieces (gained 15).
You feel sick.
You feel sick.
A scorpion comes into view.
You feel sick.
Press: ? - help, v - describe, . - travel
There is a rock wall here.
You feel sick.
You feel sick.
An iguana comes into view.
Found a stone staircase leading down.
Quiver which item? (- for none, * to show all) (? for menu, Esc to quit)
Okay, then.
Unknown command.
You feel sick.
You are no longer poisoned.
You see here a hand crossbow.
o - a hand crossbow Your muscles tense, ready for explosive movement...
You spin and attack the iguana, with incredible momentum.
You hit the iguana. You bite the iguana, but do no damage.
The iguana is moderately wounded.
You spin and attack the iguana, with incredible momentum.
You hit the iguana but do no damage.
The iguana is moderately wounded.
You feel drained.
Your supernatural speed expires.
Aiming: Wall Jump
Press: ? - help, Dir - move target cursor You repeatedly attack the iguana from above.
You hit the iguana but do no damage. Your bite misses the iguana.
The iguana is moderately wounded.
You hit the iguana but do no damage.
The iguana is moderately wounded.
The iguana closely misses you. The iguana bites you!
* * * LOW HITPOINT WARNING * * *
There is a stone staircase leading down here.
You feel less exhausted.
You climb downwards.
There is a stone staircase leading up here.
Some of the chunks of flesh in your inventory have rotted away.
Eat a chunk of flesh? (ye/n/q)
You eat the chunk of flesh.
This raw flesh tastes terrible.
A scorpion comes into view.
A purple ugly thing comes into view.
You have encountered a dangerous foe!
You hit the scorpion but do no damage. The scorpion closely misses you.
You hit the scorpion but do no damage. You barely miss the scorpion.
The scorpion stings you.
You hit the scorpion.
The scorpion is lightly wounded.
The scorpion stings you!
* * * LOW HITPOINT WARNING * * *
You are poisoned.
The scorpion poisons you!
You closely miss the scorpion.
You punch the scorpion, but do no damage.
The scorpion is lightly wounded.
You feel sick. The scorpion stings you!
You die...

#u.......
#........
#........
#........
.........
#..?.....
#........ #
#.........
#.#@###.....
.####.#s###.....
................
#######.###.....
...#.# ...
#######.#.# .
..........#
######.#.#
#.#...


You could see a scorpion.

Vanquished Creatures
  2 scorpions
  A howler monkey (D:4)
  2 crimson imps (D:5)
  An orc priest (D:5)
  A hound (D:6)
  An iguana (D:5)
  A worker ant (D:5)
  A hound skeleton (D:5)
  An adder (D:5)
  2 shadow imps
  8 orcs
  2 bats (D:1)
  2 giant cockroaches
  2 hobgoblins (D:2)
  6 jackals
  A frilled lizard (D:2)
  2 goblins
  2 kobolds (D:2)
  A quokka skeleton (D:5)
  2 rats
41 creatures vanquished.

Notes
Turn   | Place    | Note
-------+----------+-------------------------------------------
     0 | D:1      | MisterOstroum the Vine Stalker Martial Artist began the
                  | quest for the Orb.
     0 | D:1      | Reached XP level 1. HP: 13/13 MP: 3/3
   108 | D:2      | Reached XP level 2. HP: 18/18 MP: 2/4
   180 | D:2      | Reached ** piety under Wu Jian
   308 | D:4      | Noticed a howler monkey
   319 | D:4      | Killed a howler monkey
   319 | D:4      | Reached XP level 3. HP: 23/23 MP: 3/5
   393 | D:4      | Noticed a hippogriff
   405 | D:4      | Reached XP level 4. HP: 25/28 MP: 3/6
   455 | D:5      | Entered Level 5 of the Dungeon
   455 | D:5      | Found a staircase to the Ecumenical Temple.
   552 | D:5      | Reached skill level 5 in Unarmed Combat
   557 | D:5      | Reached XP level 5. HP: 29/32 MP: 5/7
   623 | D:6      | Noticed Eustachio
   685 | D:5      | Gained mutation: You have razor-sharp teeth. [Vine Stalker
                  | growth]
   685 | D:5      | Reached XP level 6. HP: 25/38 MP: 8/8
   710 | D:5      | Reached skill level 6 in Unarmed Combat
   904 | D:7      | Noticed a purple ugly thing
   910 | D:7      | Slain by a scorpion

Skill      XL: |  1  2  3  4  5  6 |
---------------+-------------------+-----
Stealth        | 2 3 4 |  4.0
Fighting       | 3 4 |  4.2
Unarmed Combat | 5 6 |  6.4
Dodging        | |  3.0
Spellcasting   | |  1.1
Hexes          | |  1.0

Action                   |  1- 3 |  4- 6 || total
-------------------------+-------+-------++-------
Melee: Unarmed           |    54 |    99 ||   153
       Bite              |     6 |    14 ||    20
       Punch             |       |     4 ||     4
 Cast: Confusing Touch   |     8 |    11 ||    19
Invok: Lunge             |     8 |     8 ||    16
       Whirlwind         |     3 |    29 ||    32
 Abil: Wall Jump         |       |     4 ||     4
       Serpent's Lash    |       |     3 ||     3
  Use: Scroll            |       |     1 ||     1
 Stab: Confused          |     1 |     3 ||     4
       Sleeping          |     1 |     1 ||     2
  Eat: Chunk             |       |     4 ||     4
Armor: Robe              |     2 |     6 ||     8
Dodge: Dodged            |    26 |    34 ||    60
